 Dungeon Crawl Stone Soup version 0.29-a0-378-gc08b2e8bf8 (webtiles) character file.

Game seed: 1192507200417793800

1295 jlumianski the Slasher (level 8, -14/64 HPs)
             Began as a Demonspawn Fighter on May 4, 2022.
             Was a Follower of Okawaru.
             Killed from afar by a gargoyle (17 damage)
             ... with a stone arrow
             ... in a bailey.
             The game lasted 00:20:52 (6274 turns).

jlumianski the Slasher (Demonspawn Fighter)         Turns: 6274, Time: 00:20:52

Health: -14/64     AC: 15    Str: 26    XL:     8   Next: 30%
Magic:  6/8        EV: 15    Int:  9    God:    Okawaru [*.....]
Gold:   308        SH:  0    Dex: 20    Spells: 7/7 levels left

rFire   + . .      SeeInvis .   w - +1 triple sword
rCold   . . .      Faith    .   (shield currently unavailable)
rNeg    + . .      Spirit   .   e - +3 ring mail {rPois}
rPois   +          Reflect  .   (no helmet)
rElec   .          Harm     .   (no cloak)
rCorr   .          Rampage  .   (no gloves)
Will    +....                   n - +2 pair of boots "Weugozu" {rF+ rN+ Will+ Str+2}
Stlth   +++.......              (no amulet)
HPRegen 0.20/turn               f - +6 ring of dexterity
MPRegen 0.11/turn               B - +6 ring of strength

@: mighty, heroic
A: rugged brown scales 2, ignite blood 2, powered by pain 1
a: Renounce Religion, Heroism


You were in a bailey.
You worshipped Okawaru.
Okawaru was aware of your devotion.
You visited 1 branch of the dungeon, and saw 7 of its levels.
You also visited: Bailey.

You collected 308 gold pieces.

Inventory:

Hand Weapons
 a - a +0 war axe
 w - a +1 triple sword (weapon)
 x - a +2 dagger of flaming
 D - a +1 hand axe of flaming
 E - a +1 vorpal long sword
Missiles
 g - 129 stones
 p - 5 poisoned darts (quivered)
 r - 3 boomerangs
 v - 2 throwing nets
Armour
 b - a +0 scale mail
 c - a +0 buckler
 e - a +3 ring mail of poison resistance (worn)
 j - a +0 plate armour
 n - the +2 pair of boots "Weugozu" (worn) {rF+ rN+ Will+ Str+2}
   (You found it on level 4 of the Dungeon)

   Str:       It affects your strength (+2).
   rF:        It protects you from fire.
   rN:        It protects you from negative energy.
   Will:      It increases your willpower.
 q - a +0 pair of boots
Magical Staves
 m - a staff of poison
 s - a staff of cold
Jewellery
 f - a +6 ring of dexterity (left hand)
 B - a +6 ring of strength (right hand)
Wands
 u - a wand of acid (8)
 z - a wand of iceblast (5)
Scrolls
 h - 2 scrolls of teleportation
 k - 3 scrolls of fog
 o - a scroll of fear
 A - a scroll of silence
Potions
 d - 3 potions of might
 i - a potion of curing
 l - a potion of attraction
 t - 2 potions of degeneration
 F - a potion of brilliance {unknown}


   Skills:
 + Level 4.3(9.3) Fighting
 * Level 6.2(11.2) Long Blades
 - Level 4.1(9.1) Axes
 + Level 4.6(9.6) Armour
 + Level 1.5(6.5) Dodging
 - Level 0.1(5.1) Stealth
 + Level 3.1(8.1) Shields


You had 7 spell levels left.
You didn't know any spells.
Your spell library contained the following spells:

 Spells                   Type           Power      Damage    Failure   Level
 Magic Dart               Conj           0%         1d3       50%         1
 Searing Ray              Conj           0%         2d4       65%         2
 Fulminant Prism          Conj/Hex       0%         3d6       99%         4
 Iskenderun's Battlesphe  Conj           0%         2d6       100%        5


Dungeon Overview and Level Annotations

Branches:
Dungeon (7/15)             Temple (0/1) D:6          Bailey (1/1)

Altars:
Makhleb
Okawaru
Xom

Shops:
D:5 (


Innate Abilities, Weirdness & Mutations

You are mostly covered in rugged brown scales. (AC +2, +5% HP)
Your demonic aura often causes spilled blood to erupt in flames.
You sometimes gain a little power by taking damage.


Message History

The orc warrior zombie closely misses you.
You hit the orc warrior zombie.
The orc warrior zombie is severely damaged.
The orc warrior zombie hits you with a +0 trident.
You slash the orc warrior zombie!
The orc warrior zombie is almost destroyed.
The orc warrior zombie hits you but does no damage.
You slash the orc warrior zombie!
You destroy the orc warrior zombie!
Okawaru accepts your kill.
You see here a +0 trident.
Setting a skill training target for Long Blades at 22.0.
HP restored.
A gargoyle comes into view. It is wielding a +0 mace.
You closely miss the gargoyle. The gargoyle hits you with a +0 mace!
You slash the gargoyle!
The gargoyle is heavily damaged.
The gargoyle hurls a stone arrow at you.
The stone arrow hits you!
You barely miss the gargoyle.
The gargoyle is heavily damaged.
The gargoyle hits you with a +0 mace!
The gargoyle hits you but does no damage.
You hit the gargoyle but do no damage.
The gargoyle is heavily damaged.
The gargoyle hits you with a +0 mace!
* * * LOW HITPOINT WARNING * * *
You feel better. The gargoyle hits you with a +0 mace.
* * * LOW HITPOINT WARNING * * *
You feel very mighty all of a sudden. The gargoyle hits you with a +0 mace!
* * * LOW HITPOINT WARNING * * *
You gain the combat prowess of a mighty hero.
The gargoyle hurls a stone arrow at you.
The stone arrow misses you.
You slash the gargoyle!
The gargoyle is almost destroyed.
The gargoyle hurls a stone arrow at you.
The stone arrow hits you!
You die...

#++##### +.. ...
#.....8# #......
#......#
#....♣.######......#
#.............##...#
#.♣..♣♣.♣....##....#
#..♣...♣.....#....##
+...........##..@##
#........)...##.9.....#
##....♣.......##....###
...............#...##
...............#..##
##.....♣..♣....#..#
..........♣....#..+
....#+##.......#..+
....# #####..8#


You could see a gargoyle.

Vanquished Creatures
  2 ogres
  2 centaurs (D:6)
  2 necrophages
  2 scorpions
  2 jellies
  A hound (D:5)
  A gnoll shaman (D:6)
  3 orc priests
  Terence (D:3)
  5 iguanas
  Natasha (twice) (D:3)
  2 orc wizards
  11 adders
  5 gnolls (D:6)
  An ufetubus (D:5)
  A worm (D:2)
  2 dart slugs
  10 orcs
  7 ball pythons
  11 endoplasms
  4 giant cockroaches
  13 goblins
  5 hobgoblins
  5 jackals
  2 quokkas
  4 bats
  2 frilled lizards (D:1)
  8 kobolds
  2 orc zombies (Bailey)
  4 rats
122 creatures vanquished.

Notes
Turn   | Place    | Note
-------+----------+-------------------------------------------
     0 | D:1      | jlumianski the Demonspawn Fighter began the quest for the
                  | Orb.
     0 | D:1      | Reached XP level 1. HP: 18/18 MP: 1/1
   230 | D:1      | Gained mutation: Your demonic aura sometimes causes spilled
                  | blood to erupt in flames. [demonic ancestry]
   230 | D:1      | Reached XP level 2. HP: 13/24 MP: 2/2
   846 | D:1      | Found a faded altar of an unknown god.
  1314 | D:1      | Gained mutation: You are partially covered in rugged brown
                  | scales. (AC +1, +3% HP) [demonic ancestry]
  1314 | D:1      | Reached XP level 3. HP: 24/29 MP: 3/3
  1721 | D:2      | Reached XP level 4. HP: 36/36 MP: 4/4
  2534 | D:3      | Noticed Terence
  2546 | D:3      | Killed Terence
  2792 | D:3      | Gained mutation: You are mostly covered in rugged brown
                  | scales. (AC +2, +5% HP) [demonic ancestry]
  2792 | D:3      | Reached XP level 5. HP: 32/43 MP: 5/5
  3114 | D:3      | Noticed Natasha
  3121 | D:3      | Killed Natasha
  3125 | D:3      | Noticed Natasha
  3133 | D:3      | Killed Natasha
  3331 | D:3      | Got the Compendium of Combat Magic
  3756 | D:4      | Identified the +2 pair of boots "Weugozu" {rF+ rN+ Will+
                  | Str+2}
  3802 | D:4      | Noticed an ogre
  3895 | D:4      | Reached XP level 6. HP: 49/49 MP: 6/6
  3953 | D:4      | Reached skill level 1 in Long Blades
  3978 | D:4      | Reached skill level 2 in Long Blades
  4248 | D:4      | Found an iron altar of Okawaru.
  4251 | D:4      | Became a worshipper of Warmaster Okawaru
  4372 | D:5      | Entered Level 5 of the Dungeon
  4373 | D:5      | Found Iddub's Weapon Shop.
  4397 | D:5      | Reached skill level 3 in Long Blades
  4416 | D:5      | Gained mutation: Your demonic aura often causes spilled
                  | blood to erupt in flames. [demonic ancestry]
  4416 | D:5      | Reached XP level 7. HP: 54/55 MP: 7/7
  4760 | D:5      | Reached skill level 1 in Dodging
  4800 | D:5      | Reached skill level 4 in Long Blades
  4966 | D:5      | Found a shimmering altar of Xom.
  5166 | D:6      | Reached * piety under Okawaru
  5366 | D:6      | Reached skill level 5 in Long Blades
  5531 | D:6      | Found a staircase to the Ecumenical Temple.
  5573 | D:6      | Gained mutation: You sometimes gain a little power by
                  | taking damage. [demonic ancestry]
  5573 | D:6      | Reached XP level 8. HP: 22/63 MP: 8/8
  6100 | D:6      | Reached skill level 6 in Long Blades
  6118 | D:7      | Found a burning altar of Makhleb.
  6135 | D:7      | Found a flagged portal.
  6177 | Bailey   | Entered a bailey
  6261 | Bailey   | Noticed a gargoyle
  6272 | Bailey   | HP: 3/64 [gargoyle/+0 mace (11)]
  6274 | Bailey   | Killed from afar by a gargoyle

Illustrated notes

Levels and vault maps discovered:
D:1:      dpeg_arrival_pits, layout_loops_corners, basic_ecumenical_altar
D:2:      minmay_recursive_quarters, layout_basic
D:3:      layout_basic, chequers_serial_rivers_small_3,
          amcnicky_mini_rare_corridor_liquid, kennysheep_donut,
          grunt_ministairs_9, minmay_box_of_dots, uniq_natasha, uniq_terence
D:4:      layout_basic, kennysheep_mini
D:5:      layout_loops_cross, lemuel_round_altar, serial_shops, shop
D:6:      layout_rooms, minmay_temple_entry_mini_moons, centaur_isle,
          uniq_duvessa
D:7:      layout_cave_pools, lemuel_crystal_altar, kennysheep_ying_yang,
          enter_bailey_5, minmay_misc_feat_doors, uniq_maggie
Bailey:   bailey_polearm_vampire_castle_hellmonk, bailey

Skill      XL: |  1  2  3  4  5  6  7  8 |
---------------+-------------------------+-----
Axes           | 2 3 4 |  4.1
Armour         | 3 4 |  4.6
Shields        | 3 |  3.1
Long Blades    | 3 5 6 |  6.2
Dodging        | 1 |  1.5
Fighting       | 4 |  4.3
Stealth        | |  0.1

Action                   |  1- 3 |  4- 6 |  7- 9 || total
-------------------------+-------+-------+-------++-------
Melee: War axe           |    99 |    81 |       ||   180
       Triple sword      |       |    55 |   109 ||   164
Throw: Stone             |     1 |     6 |     4 ||    11
       Dart              |       |       |    11 ||    11
Invok: Heroism           |       |       |     2 ||     2
  Use: Scroll            |     2 |     9 |     2 ||    13
       Potion            |       |     2 |     3 ||     5
 Stab: Sleeping          |       |       |     1 ||     1
Armor: Scale mail        |    18 |       |       ||    18
       Ring mail         |    28 |    75 |    91 ||   194
Dodge: Dodged            |    41 |    73 |   117 ||   231
Block: Buckler           |    20 |    18 |       ||    38

Table legend: (Time is in decaauts)
 A = Elapsed time spent in this place.
 B = Non-inter-level travel time spent in this place.
 C = Inter-level travel time spent in this place.
 D = Time resting spent in this place.
 E = Time spent auto-exploring this place.
 F = Levels seen in this place.
 G = Mean time per level.
                   A        B        C        D        E       F      G
               +--------+--------+--------+--------+--------+-----+--------+
         Total |   6446 |   6241 |    205 |    296 |   4002 |   8 |  805.8 |
       Dungeon |   6344 |   6139 |    205 |    296 |   3969 |   7 |  906.3 |
        Bailey |    101 |    101 |      0 |      0 |     33 |   1 |  101.0 |
               +--------+--------+--------+--------+--------+-----+--------+

Top non-repeatable levels by time:
     D:1: 1347 daAuts
     D:3: 1295 daAuts
     D:2: 1120 daAuts
     D:6: 1114 daAuts
     D:4: 720 daAuts
     D:5: 682 daAuts
  Bailey: 101 daAuts
     D:7: 63 daAuts
